 Dungeon Crawl Stone Soup version 0.32-a0-933-ga8fa3634e4 (webtiles) character file.

Game seed: 17795702756581378659

632 ragingrage the Cutter (level 7, 0/35 HPs)
             Began as a Vine Stalker Delver on Apr 15, 2024.
             Slain by an iguana (8 damage)
             ... on level 4 of the Dungeon.
             The game lasted 00:03:58 (3669 turns).

ragingrage the Cutter (Vine Stalker Delver)         Turns: 3669, Time: 00:03:59

Health: 0/35       AC:  4    Str: 17    XL:     7   Next: 49%
Magic:  0/8        EV: 10    Int: 10    God:
Gold:   235        SH:  0    Dex: 15    Spells: 6/6 levels left

rFire   . . .        a - +0 short sword
rCold   . . .        (no shield)
rNeg    . . .        b - +0 leather armour
rPois   .            (no helmet)
rElec   .            (no cloak)
rCorr   .            (no gloves)
SInv    +            l - +0 pair of boots
Will    .....        k - amulet of faith
Stlth   +++          i - ring of see invisible
HPRegen 1.05/turn    (no ring)
MPRegen 0.11/turn

%: guardian spirit, faith
@: no status effects
A: fangs 2, regeneration 1, magic shield, antimagic bite, no potion heal 2
a: no special abilities


You were on level 4 of the Dungeon.
You visited 1 branch of the dungeon, and saw 6 of its levels.

You collected 319 gold pieces.
You spent 84 gold pieces at shops.

Inventory:

Hand Weapons
 a - a +0 short sword (weapon)
 p - a +0 rapier
Missiles
 q - a throwing net (quivered)
Armour
 b - a +0 leather armour (worn)
 l - a +0 pair of boots (worn)
Jewellery
 i - a ring of see invisible (left hand)
 k - an amulet of faith (around neck)
Wands
 g - a wand of digging (3)
Scrolls
 c - a scroll of fog
 d - a scroll of revelation
 e - 2 scrolls of fear
 h - a scroll of teleportation
 n - a scroll of immolation
 o - a scroll of noise
 s - a scroll of blinking {unknown}
 t - a scroll of butterflies {unknown}
Potions
 f - a potion of magic {unknown}
 j - a potion of mutation
 m - 3 potions of curing
 r - a potion of invisibility {unknown}


   Skills:
 - Level 2.6 Fighting
 + Level 7.4 Short Blades
 - Level 1.5 Dodging
 - Level 6.0 Stealth


You had 6 spell levels left.
You didn't know any spells.
Your spell library contained the following spells:

 Spells                   Type           Power      Damage    Failure   Level
 Tukima's Dance           Hex            0%         N/A       80%         3
 Dimensional Bullseye     Hex/Tloc       0%         N/A       99%         4
 Iskenderun's Mystic Bla Conj/Tloc 0%             2d3        (+2d1     99%         4


Dungeon Overview and Level Annotations

Branches:
Dungeon (6/15)
 Temple: D:4-7

Altars:
Gozag

Shops:
D:1 ?

Annotations:
D:2 1 runed translucent door, Crazy Yiuf
D:3 2 runed translucent doors, glaedl's ghost, amateur OpSh


Innate Abilities, Weirdness & Mutations

You have extremely sharp teeth.
Your natural rate of healing is unusually fast.
When hurt, damage is shared between your health and your magic reserves.
Your bite disrupts and absorbs the magic of your enemies.
Potions cannot restore your health.


Message History

There is a stone staircase leading down here.
You open the door.
An iguana comes into view.
The iguana hisses angrily.
There is an open door here.
You barely miss the iguana. You closely miss the iguana.
The iguana barely misses you.
You closely miss the iguana. Your bite misses the iguana.
You hit the iguana but do no damage. Your bite misses the iguana.
The iguana bites you.
You hit the iguana but do no damage. You bite the iguana. You drain its power.
The iguana closely misses you.
You hit the iguana but do no damage. Your bite misses the iguana.
You hit the iguana. The iguana bites you.
You closely miss the iguana. Your bite misses the iguana.
You hit the iguana but do no damage. The iguana bites you.
You hit the iguana but do no damage. You bite the iguana. You drain its power.
You feel invigorated. The iguana closely misses you.
You hit the iguana. Your bite misses the iguana. You barely miss the iguana.
The iguana bites you.
You closely miss the iguana. Your bite misses the iguana. The iguana bites you!
You hit the iguana but do no damage. You bite the iguana. You drain its power.
You feel invigorated.
You hit the iguana. The iguana closely misses you.
You barely miss the iguana. You hit the iguana. The iguana barely misses you.
You hit the iguana but do no damage. The iguana bites you!
You hit the iguana but do no damage. You bite the iguana. You drain its power.
You feel invigorated.
You are too injured to fight recklessly!
You hit the iguana but do no damage. You bite the iguana, but do no damage.
The iguana bites you!
You are too injured to fight recklessly!
You hit the iguana but do no damage. The iguana bites you!
* * * LOW HITPOINT WARNING * * *
You are too injured to fight recklessly!
You hit the iguana. You hit the iguana but do no damage.
You bite the iguana, but do no damage. The iguana bites you!
You die...

#.# ##...# ###.#
#.........###.
#.###....####.#.###.###.###.#
#. #.##.............##.# #.#
#.# #) #......P....#.#...#.#
#.###.###.
#.....♣..##.###.....#
#.......).
###..♣...##.###.#####
#####.####
##....###....>#########.......
.....## #####.##......>.#.###.
#.##### #@##.######.#.###. #.
#l..# #....... #......
##....... #.......#
#..........
#.........##.#........
+.....................
#.........##.#...#####
##.......###<##.## # ##


You could see an iguana.

Vanquished Creatures
  A black bear (D:4)
  2 scorpions (D:4)
  2 bombardier beetles (D:4)
  A hound (D:4)
  A jelly (D:6)
  An orc priest (D:3)
  An iguana (D:4)
  A sleepcap (D:4)
  Terence (D:2)
  2 orc wizards
  4 adders
  2 dart slugs
  A ribbon worm (D:3)
  12 orcs
  6 ball pythons
  11 endoplasms
  6 giant cockroaches
  10 goblins
  7 hobgoblins
  4 quokkas
  8 bats
  9 frilled lizards
  3 kobolds
  4 rats
100 creatures vanquished.

Notes
Turn   | Place    | Note
-------+----------+-------------------------------------------
     0 | D:5      | ragingrage the Vine Stalker Delver began the quest for the
                  | Orb.
     0 | D:5      | Reached XP level 1. HP: 11/11 MP: 2/2
     6 | D:6      | Noticed a jelly
     9 | D:6      | Killed a jelly
    10 | D:6      | Reached skill level 3 in Short Blades
    10 | D:6      | Reached XP level 2. HP: 16/16 MP: 3/3
    10 | D:6      | Reached XP level 3. HP: 19/19 MP: 4/4
   131 | D:4      | Reached XP level 4. HP: 23/23 MP: 5/5
   243 | D:4      | Reached skill level 4 in Short Blades
   505 | D:3      | Found a runed translucent door.
   671 | D:2      | Reached XP level 5. HP: 27/27 MP: 6/6
   779 | D:1      | Found Bauhuket's Magic Scroll Boutique.
  1327 | D:1      | Bought a scroll of identify for 28 gold pieces
  1327 | D:1      | Bought a scroll of fear for 56 gold pieces
  1578 | D:2      | Noticed Terence
  1580 | D:2      | Killed Terence
  1581 | D:2      | Reached skill level 5 in Short Blades
  1981 | D:2      | Found a runed translucent door.
  1982 | D:2      | Noticed Crazy Yiuf
  2633 | D:3      | Reached XP level 6. HP: 32/32 MP: 5/7
  2750 | D:3      | Found an opulent altar of Gozag.
  2772 | D:3      | Found a runed translucent door.
  2772 | D:3      | Noticed glaedl's ghost (amateur OpSh)
  3106 | D:4      | Reached skill level 6 in Short Blades
  3419 | D:4      | Reached XP level 7. HP: 8/35 MP: 2/8
  3422 | D:4      | Reached skill level 7 in Short Blades
  3669 | D:4      | Slain by an iguana

Illustrated notes

Levels and vault maps discovered:
D:1:      saegor_arrival_simple_d, layout_loops_ring, serial_shops,
          nicolae_shop_tiny_waterfront, minmay_pentomino_q4
D:2:      layout_loops_ring, uniq_terence, uniq_crazy_yiuf_cottage
D:3:      layout_loops_ring, marbit_many_paths, ebering_ghost_sewer_f
D:4:      layout_loops_corners, hex_large, serial_park_tiny_2, minmay_ruptured
D:5:      layout_rooms, minmay_temple_entry_mini_moons, minmay_door_square
D:6:      layout_loops_corners, lemuel_tele_altar, nicolae_take_the_stairs,
          kennysheep_generic_room_5, uniq_duvessa, uniq_edmund, uniq_sigmund

Skill      XL: |  1  2  3  4  5  6  7 |
---------------+----------------------+-----
Short Blades   | 3 4 5 6 7 |  7.4
Fighting       | |  2.6
Dodging        | |  1.5
Stealth        | |  6.0

Action                     |  1- 3 |  4- 6 |  7- 9 || total
---------------------------+-------+-------+-------++-------
  Melee: Short sword       |     4 |   243 |    61 ||   308
         Bite              |       |    84 |    15 ||    99
  Throw: Throwing net      |       |     1 |     1 ||     2
    Use: Scroll            |       |     7 |       ||     7
         Potion            |       |     4 |       ||     4
   Stab: Sleeping          |     3 |    28 |     3 ||    34
         Distracted        |       |     2 |       ||     2
         Held in net/web   |       |       |     1 ||     1
 Armour: Leather armour    |       |   111 |    32 ||   143
  Dodge: Dodged            |       |    82 |    24 ||   106

Table legend: (Time is in decaauts)
 A = Elapsed time spent in this place.
 B = Non-inter-level travel time spent in this place.
 C = Inter-level travel time spent in this place.
 D = Time resting spent in this place.
 E = Time spent auto-exploring this place.
 F = Levels seen in this place.
 G = Mean time per level.
                   A        B        C        D        E       F      G
               +--------+--------+--------+--------+--------+-----+--------+
         Total |   3560 |   3283 |    277 |    142 |   2348 |   6 |  593.3 |
       Dungeon |   3560 |   3283 |    277 |    142 |   2348 |   6 |  593.3 |
               +--------+--------+--------+--------+--------+-----+--------+

Top non-repeatable levels by time:
     D:4: 947 daAuts
     D:2: 911 daAuts
     D:1: 845 daAuts
     D:3: 777 daAuts
     D:5: 63 daAuts
     D:6: 15 daAuts
